 Dungeon Crawl Stone Soup version 0.26-a0-639-g72c4674329 (webtiles) character file.

Game seed: 4110480884348479631

15862 DogServant the Fighter (level 12, -42/79 HPs)
             Began as a Gargoyle Fighter on Sept 15, 2020.
             Was a High Priest of Okawaru.
             Annihilated by a titanic slime creature (84 damage)
             ... on level 12 of the Dungeon.
             The game lasted 00:23:20 (12594 turns).

DogServant the Fighter (Gargoyle Fighter)          Turns: 12594, Time: 00:23:20

Health: -42/79     AC: 25    Str: 25    XL:     12   Next: 31%
Magic:  12/17      EV: 13    Int:  9    God:    Okawaru [*****.]
Gold:   643        SH: 15    Dex: 15    Spells: 11/11 levels left

rFire    . . .     SeeInvis .   D - +4 morningstar
rCold    . . .     Faith    .   c - +0 kite shield
rNeg     + . .     Spirit   .   b - +0 scale mail
rPois    ∞         Reflect  .   (helmet restricted)
rElec    +         Harm     .   (no cloak)
rCorr    .         Rampage  .   t - +1 pair of gloves
MR       .....                  (no boots)
Stlth    ++........             (no amulet)
HPRegen  0.23/turn              A - +4 ring of protection
MPRegen  0.15/turn              q - +6 ring of dexterity

@: heroism, finesse
A: horns 1, deterioration 1, negative energy resistance 1, electricity
resistance, unbreathing, petrification resistance, rot immunity, AC +8
a: Heroism, Finesse, Renounce Religion


You were on level 12 of the Dungeon.
You worshipped Okawaru.
Okawaru was extremely pleased with you.
You visited 1 branch of the dungeon, and saw 12 of its levels.

You collected 698 gold pieces.
You spent 55 gold pieces at shops.

Inventory:

Hand Weapons
 z - a +5 great sword
 D - a +4 morningstar (weapon)
Missiles
 u - 50 poisoned darts (quivered)
Armour
 b - a +0 scale mail (worn)
 c - a +0 kite shield (worn)
 t - a +1 pair of gloves (worn)
Jewellery
 q - a +6 ring of dexterity (right hand)
 A - a +4 ring of protection (left hand)
 C - an uncursed ring of ice
Wands
 v - a wand of paralysis (7)
 w - a wand of flame (44)
 y - a wand of polymorph (12)
Scrolls
 a - 2 scrolls of magic mapping
 h - 5 scrolls of remove curse
 i - 2 scrolls of fear {unknown}
 m - 2 scrolls of fog
 n - 7 scrolls of teleportation
 p - 9 scrolls of identify
 B - a scroll of amnesia
Potions
 d - 2 potions of berserk rage
 e - a potion of ambrosia
 f - 2 potions of lignification
 g - 6 potions of curing
 j - a potion of magic {unknown}
 k - 3 potions of degeneration {unknown}
 l - 5 potions of heal wounds
 o - 2 potions of flight {unknown}
 r - 3 potions of brilliance {unknown}
 s - 2 potions of stabbing {unknown}
 x - 2 potions of might
 F - 2 potions of haste {unknown}
 G - a potion of cancellation {unknown}


   Skills:
 + Level 10.9(15.9) Fighting
 * Level 10.4(15.4) Maces & Flails
 - Level 10.1(15.1) Armour
 + Level 10.3(15.3) Shields
 + Level 6.8 Invocations


You had 11 spell levels left.
You didn't know any spells.
Your spell library contained the following spells:

 Spells                   Type           Power        Failure   Level
 Freeze                   Ice            #...         58%         1
 Frozen Ramparts          Ice            #.....       91%         3
 Ozocubu's Armour         Ice            #.......     91%         3
 Hailstorm                Conj/Ice       #.......     100%        4
 Summon Ice Beast         Ice/Summ       #.......     100%        4


Dungeon Overview and Level Annotations

Branches:
Dungeon (12/15)            Temple (0/1) D:7            Lair (0/6) D:9
    Orc: D:9-12

Altars:
Ashenzari
Fedhas
Hepliaklqana
Okawaru
Trog
Uskayaw
Yredelemnul
Zin
The Shining One

Shops:
D:4 !

Annotations:
D:6 3 runed translucent doors, Gottschkopf's ghost, novice DrTm
D:12 3 transporters


Innate Abilities, Weirdness & Mutations

You are resistant to torment.
Your stone body is resilient. (AC +8)
You are immune to poison.
You resist negative energy. (rN+)
You are resistant to electric shocks. (rElec)
You can survive without breathing.
You are immune to petrification.
You are immune to rotting.
You have a pair of small horns on your head.
Your body sometimes deteriorates upon taking damage.


Message History

You bludgeon the titanic slime creature!!
The titanic slime creature is severely wounded.
You hit the titanic slime creature.
You headbutt the titanic slime creature!
The titanic slime creature is severely wounded.
You impale the titanic slime creature!!
You headbutt the titanic slime creature!
The titanic slime creature is almost dead.
You block the titanic slime creature's attack.
You barely miss the titanic slime creature.
You headbutt the titanic slime creature!
The titanic slime creature is almost dead.
You barely miss the titanic slime creature.
The titanic slime creature is almost dead.
You hit the titanic slime creature.
You headbutt the titanic slime creature.
The titanic slime creature is almost dead.
The titanic slime creature hits you!!!!
Ouch! That really hurt!
You die...

[..............#
..)............#
...............#
....)..........#########
#####...................
#...................
#...................
#############.##.###
.........##...##@#
########(##.####J#######
...J))[)..).....J.......
#.#.#####.#.##........##
..(.# #.#.##........#
..### #.............#
#.#######..##.........#
........#.JJ..........#
...####.....##[.......#


You could see a titanic slime creature and a slime creature.

Vanquished Creatures
  Erolcha (D:9)
  A two-headed ogre (D:12)
  A centaur warrior (D:12)
  An ugly thing (D:12)
  2 cyclopes
  Joseph (D:7)
  Psyche (D:11)
  2 gargoyles
  A komodo dragon (D:11)
  3 trolls
  Grinder (D:4)
  3 hippogriffs
  12 yaks
  2 wyverns
  Eustachio (D:4)
  2 wraiths
  Sigmund (D:6)
  A water moccasin (D:7)
  8 orc warriors
  4 sky beasts
  Duvessa (D:5)
  2 phantoms
  2 black bears (D:6)
  An eye of draining (D:11)
  3 ice beasts
  4 necrophages
  8 ogres
  4 centaurs
  A crocodile (D:8)
  4 big kobolds
  3 bullfrogs
  Dowan (D:5)
  A scorpion (D:11)
  A water moccasin skeleton (D:9)
  18 wights
  2 howler monkeys
  2 bullfrog zombies
  3 quasits
  2 hounds
  5 jellies
  3 orc priests
  18 orc wizards
  Crazy Yiuf (D:3)
  3 centaur skeletons
  A gnoll shaman (D:6)
  5 iguanas
  9 worker ants
  3 hound skeletons
  8 gnolls
  12 adders
  2 shadow imps
  4 white imps
  3 ufetubi
  2 oozes
  An adder zombie (D:9)
  3 adder skeletons
  A worm (D:2)
  7 leopard geckos
  40 orcs
  3 ball pythons (D:1)
  4 giant cockroaches
  6 goblins
  12 hobgoblins
  7 jackals
  20 kobolds
  6 quokkas
  3 bats
  9 frilled lizards
  A leopard gecko skeleton (D:8)
  6 rats
320 creatures vanquished.

Vanquished Creatures (others)
  An orc wizard (D:5)
  A quokka zombie (D:5)
  A plant (D:6)
3 creatures vanquished.

Grand Total: 323 creatures vanquished

Notes
Turn   | Place    | Note
-------+----------+-------------------------------------------
     0 | D:1      | DogServant the Gargoyle Fighter began the quest for the
                  | Orb.
     0 | D:1      | Reached XP level 1. HP: 14/14 MP: 1/1
    70 | D:1      | Reached XP level 2. HP: 18/19 MP: 2/2
   689 | D:1      | Reached XP level 3. HP: 24/24 MP: 3/3
  1329 | D:2      | Reached XP level 4. HP: 25/30 MP: 4/4
  1961 | D:3      | Found a runed translucent door.
  1962 | D:3      | Noticed Crazy Yiuf
  2073 | D:3      | Killed Crazy Yiuf
  2073 | D:3      | Reached XP level 5. HP: 21/34 MP: 5/5
  2381 | D:3      | Reached skill level 5 in Fighting
  2900 | D:4      | Noticed Grinder
  2918 | D:4      | Killed Grinder
  2918 | D:4      | Reached XP level 6. HP: 36/40 MP: 6/6
  3392 | D:4      | Noticed Eustachio
  3420 | D:4      | Killed Eustachio
  3420 | D:4      | Reached skill level 5 in Armour
  3420 | D:4      | Reached XP level 7. HP: 41/45 MP: 7/7
  3653 | D:4      | Found Hexadghae's Distillery.
  3661 | D:4      | Bought a potion of heal wounds for 55 gold pieces
  3896 | D:5      | Entered Level 5 of the Dungeon
  4029 | D:5      | Noticed Duvessa
  4029 | D:5      | Noticed Dowan
  4048 | D:5      | Killed Duvessa
  4054 | D:5      | Killed Dowan
  4054 | D:5      | Reached skill level 5 in Maces & Flails
  4233 | D:5      | Reached XP level 8. HP: 51/51 MP: 8/8
  4458 | D:5      | Identified the ring "Werchomeo" {rPois rN+ MP+9 Dex-2
                  | Stlth+}
  4488 | D:5      | Reached skill level 5 in Shields
  4767 | D:5      | Gained mutation: You expend magic power (3 MP) to
                  | strengthen your wands. [potion of mutation]
  4767 | D:5      | Gained mutation: You have a pair of small horns on your
                  | head. [potion of mutation]
  4767 | D:5      | Gained mutation: You are agile. (Dex +2) [potion of
                  | mutation]
  4768 | D:5      | Lost mutation: You expend magic power (3 MP) to strengthen
                  | your wands. [potion of mutation]
  4768 | D:5      | Lost mutation: You have a pair of small horns on your head.
                  | [potion of mutation]
  4768 | D:5      | Lost mutation: You are agile. (Dex +2) [potion of mutation]
  4768 | D:5      | Gained mutation: Your body sometimes deteriorates upon
                  | taking damage. [potion of mutation]
  4768 | D:5      | Gained mutation: You have a pair of small horns on your
                  | head. [potion of mutation]
  4865 | D:5      | Found a glowing golden altar of the Shining One.
  4929 | D:5      | Found a basalt altar of Yredelemnul.
  4931 | D:5      | Noticed a profane servitor
  5025 | D:5      | Noticed an angel
  5448 | D:6      | Found a runed translucent gate.
  5449 | D:6      | Found a runed translucent gate.
  5449 | D:6      | Found a runed translucent gate.
  5451 | D:6      | Noticed Gottschkopf's ghost (novice DrTm)
  5558 | D:6      | Found a hazy altar of Hepliaklqana.
  5559 | D:6      | Found an iron altar of Okawaru.
  5576 | D:6      | Reached XP level 9. HP: 57/57 MP: 9/9
  5604 | D:6      | Became a worshipper of Warmaster Okawaru
  5757 | D:6      | Found a blossoming altar of Fedhas.
  5775 | D:6      | Noticed Sigmund
  5780 | D:6      | Found a bloodstained altar of Trog.
  5792 | D:6      | Killed Sigmund
  6269 | D:7      | Reached * piety under Okawaru
  6662 | D:7      | Found a staircase to the Ecumenical Temple.
  6966 | D:7      | Reached ** piety under Okawaru
  6966 | D:7      | Reached XP level 10. HP: 56/65 MP: 10/10
  7025 | D:7      | Noticed Joseph
  7042 | D:7      | Killed Joseph
  7042 | D:7      | Reached skill level 1 in Invocations
  7172 | D:7      | Found a glowing silver altar of Zin.
  7654 | D:8      | Found a shattered altar of Ashenzari.
  7771 | D:8      | Reached *** piety under Okawaru
  8571 | D:9      | Noticed Erolcha
  8623 | D:9      | Killed Erolcha
  8623 | D:9      | Reached **** piety under Okawaru
  8833 | D:9      | Reached XP level 11. HP: 53/71 MP: 11/14
  9431 | D:9      | Found a hide-covered altar of Uskayaw.
  9497 | D:9      | Found a staircase to the Lair.
  9606 | D:10     | Entered Level 10 of the Dungeon
  9609 | D:10     | Noticed a cyclops
  9639 | D:10     | Killed a cyclops
 10071 | D:10     | Reached skill level 10 in Fighting
 10123 | D:10     | Reached ***** piety under Okawaru
 10123 | D:10     | Reached skill level 10 in Armour
 10123 | D:10     | Reached skill level 5 in Invocations
 10934 | D:11     | Received a gift from Okawaru
 11507 | D:11     | Noticed Psyche
 11515 | D:11     | Killed Psyche
 12056 | D:12     | Found a transporter.
 12061 | D:12     | Found a transporter.
 12061 | D:12     | Noticed a yaktaur captain
 12061 | D:12     | Noticed a centaur warrior
 12073 | D:12     | Found a transporter.
 12074 | D:12     | Noticed a fire dragon
 12078 | D:12     | Noticed a cyclops
 12078 | D:12     | Noticed a centaur warrior
 12100 | D:12     | Reached XP level 12. HP: 62/79 MP: 14/16
 12112 | D:12     | Reached skill level 10 in Shields
 12192 | D:12     | Reached skill level 10 in Maces & Flails
 12197 | D:12     | Killed a centaur warrior
 12200 | D:12     | Noticed a two-headed ogre
 12484 | D:12     | Killed a two-headed ogre
 12545 | D:12     | Received a gift from Okawaru
 12594 | D:12     | Annihilated by a titanic slime creature

Illustrated notes

Levels and vault maps discovered:
D:1:      denvon_arrival_waterhouse, layout_basic, minmay_misc_feat_iff,
          st_stairs_8
D:2:      minmay_general_purpose_star, layout_basic
D:3:      layout_basic, uniq_crazy_yiuf_cottage
D:4:      layout_layer_cave, serial_shops, shop_fountains,
          kennysheep_another_room, uniq_grinder, uniq_eustachio
D:5:      layout_loops_corners, grunt_temple_overflow_holy_war, uniq_duvessa
D:6:      layout_loops_ring, fedhas_altar_1, trog_ov_bears_minmay,
          chequers_temple_overflow_statue_of_worship,
          gammafunk_ghost_necromancy, grunt_ministairs_11, uniq_sigmund
D:7:      layout_rooms, zin_scriptorium, minmay_temple_entry_sparse_star,
          uniq_joseph
D:8:      layout_loops_corners, old_standard_altar
D:9:      layout_rooms, old_standard_altar, dpeg_oklobed_lair, uniq_erolcha
D:10:     layout_loops_ring
D:11:     layout_long_grid, chequers_serial_rivers_micro_c, uniq_psyche
D:12:     gammafunk_the_bubble [the_bubble_gammafunk_roulette], layout_basic,
          minmay_orc_entry_temple_small

Skill      XL: |  1  2  3  4  5  6  7  8  9 10 11 12 |
---------------+-------------------------------------+-----
Fighting       | 4 5 6 7 8 9 10 | 10.9
Maces & Flails | 3 4 5 6 7 8 9 10 | 10.4
Armour         | 4 5 7 8 9 10 | 10.1
Shields        | 4 6 7 8 9 10 | 10.3
Invocations    | 4 6 |  6.8

Action                   |  1- 3 |  4- 6 |  7- 9 | 10-12 || total
-------------------------+-------+-------+-------+-------++-------
Melee: Flail             |   102 |       |       |       ||   102
       Morningstar       |     9 |   121 |   383 |   612 ||  1125
       Headbutt          |       |       |    45 |   119 ||   164
Invok: Heroism           |       |       |       |     7 ||     7
       Finesse           |       |       |       |     3 ||     3
  Use: Potion            |       |     1 |     2 |       ||     3
       Scroll            |       |       |    12 |     7 ||    19
Armor: Scale mail        |    53 |    79 |   198 |   260 ||   590
Dodge: Dodged            |    30 |    41 |   114 |   149 ||   334
Block: Kite shield       |    60 |    72 |   207 |   335 ||   674

Table legend: (Time is in decaauts)
 A = Elapsed time spent in this place.
 B = Non-inter-level travel time spent in this place.
 C = Inter-level travel time spent in this place.
 D = Time resting spent in this place.
 E = Time spent auto-exploring this place.
 F = Levels seen in this place.
 G = Mean time per level.
                   A        B        C        D        E       F      G
               +--------+--------+--------+--------+--------+-----+--------+
         Total |  12816 |  12368 |    448 |    744 |   8813 |  12 | 1068.0 |
       Dungeon |  12816 |  12368 |    448 |    744 |   8813 |  12 | 1068.0 |
               +--------+--------+--------+--------+--------+-----+--------+

Top non-repeatable levels by time:
    D:11: 1392 daAuts
     D:8: 1326 daAuts
     D:5: 1233 daAuts
     D:6: 1193 daAuts
     D:3: 1100 daAuts
     D:7: 1078 daAuts
     D:4: 1060 daAuts
     D:9: 1030 daAuts
    D:10: 1012 daAuts
     D:2: 935 daAuts
     D:1: 889 daAuts
    D:12: 562 daAuts
